 Dungeon Crawl Stone Soup version 0.29-a0-96-g93358da72b (webtiles) character file.

Game seed: 6464581284866668275

245185 Klosterheim the Eclecticist (level 18, -5/145 HPs)
             Began as a Purple Draconian Conjurer on Dec 1, 2021.
             Was a High Priest of Vehumet.
             Killed by the air
             ... invoked by a spriggan air mage
              (24 damage)
             ... on level 1 of the Depths on Feb 11, 2022.
             The game lasted 03:36:02 (67262 turns).

Klosterheim the Eclecticist (DrCj)                 Turns: 67262, Time: 03:36:03

Health: -5/145     AC: 21    Str:  9    XL:     18   Next: 75%
Magic:  15/38      EV: 14    Int: 30    God:    Vehumet [*****.]
Gold:   1429       SH:  7    Dex: 12    Spells: 5/49 levels left

rFire   + . .      SeeInvis .   J - +8 autumn katana {vorpal, manifold assault}
rCold   . . .      Faith    .   M - +2 buckler {rF+}
rNeg    + . .      Spirit   .   (armour unavailable)
rPois   +          Reflect  .   (helmet restricted)
rElec   .          Harm     .   Y - +2 ratskin cloak {*Rats rPois rN+ Str-1 Int-1 Dex+1}
rCorr   .          Rampage  .   C - +0 pair of gloves
Will    ++...                   H - +2 pair of boots
Stlth   +++.......              j - amulet of magic regeneration
HPRegen 0.34/turn               G - +6 ring of intelligence
MPRegen 0.66/turn               i - +4 ring of protection

@: about to teleport, studying Transmutations
A: breathe power, AC +10, unfitting armour, cold-blooded
}: 2/15 runes: serpentine, barnacled
a: Breathe Dispelling Energy, Renounce Religion


You were on level 1 of the Depths.
You worshipped Vehumet.
Vehumet was extremely pleased with you.
You visited 7 branches of the dungeon, and saw 33 of its levels.

You collected 3103 gold pieces.
You spent 1674 gold pieces at shops.

Inventory:

Hand Weapons
 J - the +8 autumn katana (weapon) {vorpal, manifold assault}
   (You found it on level 6 of the Lair of Beasts)

   It sometimes launches melee attacks against multiple visible enemies.
Missiles
 v - 6 throwing nets
Armour
 C - a +0 pair of gloves (worn)
 H - a +2 pair of boots (worn)
 M - a +2 buckler of fire resistance (worn)
 Y - the +2 ratskin cloak (worn) {*Rats rPois rN+ Str-1 Int-1 Dex+1}
   (You bought it in a shop on level 3 of the Dungeon)

   When the wearer is hurt, rats may emerge from it to assist them.
   Str:       It affects your strength (-1).
   Int:       It affects your intelligence (-1).
   Dex:       It affects your dexterity (+1).
   rPois:     It protects you from poison.
   rN:        It protects you from negative energy.
Jewellery
 f - a ring of flight
 i - a +4 ring of protection (right hand)
 j - an amulet of magic regeneration (around neck)
 s - a ring of willpower
 t - a +6 ring of intelligence
 w - an amulet of regeneration
 A - a ring of protection from fire
 G - a +6 ring of intelligence (left hand)
 N - a ring of wizardry
 T - a ring of protection from cold
Wands
 a - a wand of iceblast (29)
 e - a wand of paralysis (12)
 k - a wand of polymorph (14)
 p - a wand of digging (10)
 y - a wand of charming (4)
 B - a wand of mindburst (19)
 X - a wand of acid (6)
Scrolls
 c - 3 scrolls of silence
 d - 5 scrolls of teleportation
 l - 10 scrolls of identify
 m - 3 scrolls of fear
 u - 2 scrolls of enchant armour
 z - 2 scrolls of magic mapping
 K - 2 scrolls of summoning
 L - a scroll of enchant weapon
 O - 3 scrolls of immolation
 P - 3 scrolls of acquirement
 R - 2 scrolls of brand weapon
 S - 4 scrolls of blinking
 U - 2 scrolls of fog
 V - 2 scrolls of vulnerability
 W - a scroll of torment
Potions
 b - 4 potions of lignification
 g - 11 potions of brilliance
 h - a potion of magic
 n - 7 potions of flight
 q - 8 potions of curing
 r - 5 potions of might
 x - 3 potions of attraction
 E - 4 potions of ambrosia
 F - 3 potions of resistance
 I - a potion of cancellation
 Q - 4 potions of mutation
Miscellaneous
 D - a tin of tremorstones (2/2)
 Z - a piece from Xom's chessboard (15/15)


   Skills:
 - Level 9.0 Fighting
 - Level 13.0 Long Blades
 - Level 8.0 Dodging
 - Level 5.0 Stealth
 - Level 4.0 Shields
 - Level 16.0 Spellcasting
 + Level 15.5 Conjurations
 - Level 10.0 Hexes
 - Level 10.0 Summonings
 + Level 15.4 Earth Magic
 - Level 10.0 Evocations


You had 5 spell levels left.
You knew the following spells:

 Your Spells              Type           Power      Damage    Failure   Level
a - Iron Shot             Conj/Erth      43%        9d8       1%          6
b - Stone Arrow           Conj/Erth      100%       3d13      0%          3
c - Iskenderun's Battles  Conj           87%        2d13      1%          5
d - Magic Dart            Conj           100%       1d8       0%          1
e - Dazzling Flash        Conj/Hex       100%       N/A       1%          3
f - Summon Mana Viper     Hex/Summ       71%        N/A       1%          5
g - Fulminant Prism       Conj/Hex       39%        3d18      1%          4
h - Lehudib's Crystal Sp  Conj/Erth      43%        10d10     8%          8
i - Passwall              Tmut/Erth      52%        N/A       1%          2
j - Spellforged Servitor  Conj/Summ      39%        N/A       3%          7

Your spell library contained the following spells:

 Spells                   Type           Power      Damage    Failure   Level
 Ozocubu's Refrigeration  Ice            12%        4d7       99%         7
 Sandblast                Erth           100%       2d20      0%          1
 Searing Ray              Conj           100%       2d8       0%          2
 Slow                     Hex            100%       N/A       1%          1
 Call Imp                 Summ           71%        N/A       1%          2
 Ensorcelled Hibernation  Hex/Ice        100%       N/A       1%          2
 Static Discharge         Conj/Air       63%        N/A       1%          2
 Confusing Touch          Hex            71%        N/A       1%          3
 Conjure Flame            Conj/Fire      63%        6-21      1%          3
 Ignite Poison            Fire/Tmut/Pois 24%        N/A       1%          3
 Mephitic Cloud           Conj/Pois/Air  53%        N/A       1%          3
 Tukima's Dance           Hex            71%        N/A       1%          3
 Iskenderun's Mystic Bla  Conj/Tloc      63%        2d13      1%          4
 Sticky Flame             Conj/Fire      63%        2d8       1%          4
 Apportation              Tloc           48%        N/A       2%          1
 Beastly Appendage        Tmut           48%        N/A       2%          1
 Blink                    Tloc           48%        N/A       3%          2
 Corpse Rot               Necr/Air       48%        N/A       3%          2
 Wereblood                Tmut           24%        N/A       3%          2
 Summon Ice Beast         Ice/Summ       52%        N/A       3%          4
 Lesser Beckoning         Tloc           24%        N/A       7%          3
 Spider Form              Tmut/Pois      24%        N/A       7%          3
 Swiftness                Air            24%        N/A       7%          3
 Vampiric Draining        Necr           24%        2d7       7%          3
 Animate Dead             Necr           12%        N/A       24%         4
 Dispel Undead            Necr           24%        3d12      24%         4
 Alistair's Intoxication  Tmut/Pois      16%        N/A       54%         5
 Manifold Assault         Tloc           24%        N/A       54%         5
 Starburst                Conj/Fire      31%        6d10      4%          6
 Monstrous Menagerie      Summ           35%        N/A       32%         7
 Haunt                    Necr/Summ      26%        N/A       95%         7
 Death Channel            Necr           12%        N/A       98%         6
 Infestation              Necr           12%        N/A       100%        8
 Animate Armour           Summ/Erth      Unusable   N/A       N/A         4

Dungeon Overview and Level Annotations

Branches:
Dungeon (15/15)            Temple (1/1) D:7            Lair (6/6) D:11
 Shoals (4/4) Lair:2        Snake (4/4) Lair:2        Slime (0/5) Lair:5
    Orc (2/2) D:11            Elf (0/3) Orc:2        Vaults (0/5) D:13
 Depths (1/4) D:15

Altars:
Ashenzari
Cheibriados
Dithmenos
Elyvilon
Fedhas
Gozag
Hepliaklqana
Makhleb
Nemelex Xobeh
Okawaru
Qazlal
Ru
Sif Muna
Trog
Uskayaw
Vehumet
Xom
Yredelemnul
The Shining One
Jiyva

Shops:
D:1 *   D:2 !   D:3 [   D:9 *   D:15 (   Orc:2 !(*?   Shoals:2 *(*!
Shoals:3 (   Shoals:4 (   Snake:1 *   Snake:3 *:!*   Snake:4 [([(   Depths:1 !

Portals:
Hell: Depths:1

Annotations:
D:10 1 runed translucent door, ThreePoint314's ghost, journeyman HOFi
Lair:2 3 runed translucent doors, Nologisch's ghost, journeyman TrMo
Shoals:2 2 runed translucent doors, bmj180's ghost, adept GrEE
Snake:1 3 runed translucent doors, Lotzicof's ghost, adept TrFi; Voveif's ghost, adept VSFi; benappo's ghost, journeyman DjCj; vurker's ghost, adept TeAE


Innate Abilities, Weirdness & Mutations

You can breathe bolts of dispelling energy.
Your rich purple scales are hard. (AC +10)
You cannot fit into any form of body armour.
You are cold-blooded and may be slowed by cold attacks.


Message History

A spriggan air mage is nearby!
Things that are here:
a +0 troll leather armour; a deep troll corpse You start resting.
A spriggan air mage is nearby!
The spriggan air mage shouts!
Casting: Iron Shot (mildly dangerous; 1% risk of failure)
Confirm with . or Enter, or press ? or * to list all spells.
Aiming: Iron Shot (mildly dangerous; 1% risk of failure)
Press: ? - help, Shift-Dir - straight line, f - spriggan air mage
Aim: a spriggan air mage, wielding a +0 flail, wearing a +0 robe and wearing an amulet of reflection (repelling missiles, 14% to hit)
The iron shot reflects off an invisible shield around the spriggan air mage!
The iron shot hits you!!!
* * * LOW HITPOINT WARNING * * *
You feel much better.
The spriggan air mage hits you but does no damage.
Aiming: Paralyse
Press: ? - help, Shift-Dir - straight line, f/p - spriggan air mage
Aim: a spriggan air mage, wielding a +0 flail, wearing a +0 robe and wearing an amulet of reflection (repelling missiles, chance to affect: 0%)
Okay, then.
Okay, then.
The spriggan air mage hits you with a +0 flail!
* * * LOW HITPOINT WARNING * * *
You feel much better.
The spriggan air mage hits you but does no damage.
Casting: Iron Shot (mildly dangerous; 1% risk of failure)
Confirm with . or Enter, or press ? or * to list all spells.
Aiming: Iron Shot (mildly dangerous; 1% risk of failure)
Press: ? - help, Shift-Dir - straight line, f/p - spriggan air mage
Aim: a spriggan air mage, wielding a +0 flail, wearing a +0 robe and wearing an amulet of reflection (repelling missiles, 14% to hit)
The iron shot misses the spriggan air mage.
The spriggan air mage waves its arms in wide circles.
The air twists around and strikes you!!
* * * LOW HITPOINT WARNING * * *
Okay, then.
As you read the scroll of teleportation, it crumbles to dust.
You feel strangely unstable.
The spriggan air mage waves its arms in wide circles.
The air twists around and strikes you!!
You die...

#...######################
#...#
.....................
#...#
.#....#....#....#....#
##'##
...................... ...
.................C.... ...
.....(...........†....
......................
.............†.[......
#....#...@#..[(#....
...........i..........
######################


You could see a stone giant (wandering) and a spriggan air mage (repels
missiles).

Vanquished Creatures
  Polyphemus (Shoals:2)
  Kirke (Shoals:2)
  4 nagarajas (Snake:4)
  A fire giant (Depths:1)
  5 frost giants
  Louise (Snake:4)
  2 very ugly things (D:15)
  4 stone giants (Depths:1)
  4 spark wasps (Depths:1)
  Snorg (Orc:2)
  4 dire elephants (Lair:6)
  2 ettins
  6 merfolk impalers
  3 merfolk javelineers
  Josephine (Orc:1)
  A great orb of eyes (Depths:1)
  17 naga warriors
  4 ice dragons
  A rakshasa (Depths:1)
  10 hydras
  4 salamander tyrants
  4 ogre magi
  Harold (D:7)
  6 anacondas
  3 boulder beetles
  3 centaur warriors
  3 spriggan air magi (Depths:1)
  3 catoblepae
  2 merfolk avatars
  An anaconda (shapeshifter) (Depths:1)
  6 merfolk aquamancers
  16 two-headed ogres
  3 satyrs (Shoals:3)
  5 alligator snapping turtles
  9 death yaks
  4 deep troll shamans (Depths:1)
  Urug (D:13)
  2 tengu warriors (D:14)
  3 orc high priests (Orc:2)
  3 deep troll earth magi (Depths:1)
  A shock serpent (shapeshifter) (Depths:1)
  A deep elf knight (D:14)
  11 naga sharpshooters
  8 hell knights (Depths:1)
  3 shock serpents
  3 spectral death yaks (Lair:6)
  A skeletal warrior (D:13)
  9 deep trolls (Depths:1)
  5 salamander mystics
  A spectral anaconda (Lair:6)
  A flayed ghost (Depths:1)
  5 naga ritualists
  8 sea snakes
  A glowing orange brain (Depths:1)
  17 harpies
  2 obsidian statues
  A lindwurm (Lair:4)
  6 orc knights (Orc:2)
  4 necromancers
  5 orc sorcerers (Orc:2)
  14 salamanders
  3 deep elf pyromancers
  7 mana vipers
  8 fauns (Shoals:3)
  13 ugly things
  17 manticores
  5 cyclopes
  7 merfolk sirens
  An elephant (shapeshifter) (Depths:1)
  Joseph (D:10)
  17 black mambas
  6 elephants (Lair:6)
  2 guardian serpents (shapeshifter)
  20 naga magi
  4 water nymphs
  2 dire elephant zombies (Lair:6)
  3 guardian serpents
  A gargoyle (D:12)
  An efreet (D:15)
  An unseen horror (D:12)
  12 cane toads
  2 rime drakes
  3 komodo dragons
  2 ice devils (Lair:3)
  4 yaktaurs (D:13)
  23 merfolk
  A merfolk (shapeshifter) (D:14)
  6 trolls
  A hornet (D:10)
  2 hornets (shapeshifter)
  2 polar bears (shapeshifter)
  5 wind drakes
  7 slime creatures
  A snapping turtle (shapeshifter) (Depths:1)
  18 blink frogs
  12 snapping turtles
  11 dream sheep
  A spectral elephant (Lair:6)
  10 water elementals
  3 shadows
  Sigmund (D:6)
  A spriggan (shapeshifter) (D:13)
  5 wyverns
  6 wraiths
  2 vampires
  2 basilisks
  3 hogs (Shoals:2)
  40 yaks
  4 steam dragons
  16 vampire mosquitoes
  4 wargs
  48 nagas
  A swamp worm (shapeshifter) (Depths:1)
  7 water moccasins
  21 orc warriors
  An ice beast (D:7)
  4 black bears (D:6)
  A necrophage (D:8)
  4 elephant zombies (Lair:6)
  17 centaurs
  14 ogres
  15 wolves
  An elephant skeleton (Lair:6)
  A phantom (D:6)
  Blork the orc (D:6)
  3 kobold brigands
  12 bullfrogs
  2 gnoll sergeants
  3 scorpions
  3 cane toad simulacra (Lair:6)
  A wyvern zombie (D:6)
  A wyvern skeleton (D:7)
  A water moccasin skeleton (D:2)
  2 elephant simulacra (Lair:6)
  3 troll zombies (D:11)
  7 killer bees (D:8)
  3 howler monkeys
  3 electric eels
  3 centaur zombies
  A bullfrog zombie (D:6)
  6 hounds
  20 orc priests
  Crazy Yiuf (D:6)
  5 centaur skeletons
  13 jellies (D:8)
  A scorpion zombie (D:5)
  6 iguanas
  27 orc wizards
  5 ogre zombies (D:11)
  A howler monkey zombie (D:5)
  14 gnolls
  9 adders
  A white imp (D:6)
  An adder skeleton (D:4)
  A worm (D:4)
  58 orcs
  13 endoplasms
  5 giant cockroaches
  3 goblins
  6 hobgoblins
  4 jackals (D:1)
  14 kobolds
  2 quokkas
  11 ball pythons
  7 bats
  2 frilled lizards (D:2)
  2 goblin skeletons (D:11)
  3 goblin zombies (D:11)
  2 hobgoblin skeletons (D:11)
  4 hobgoblin zombies (D:11)
  14 orc zombies (D:11)
  3 rats
  A fulminant prism (Lair:3)
1040 creatures vanquished.

Vanquished Creatures (collateral kills)
  Ilsuiw (Shoals:2)
  A fire dragon (Depths:1)
  A rakshasa (Depths:1)
3 creatures vanquished.

Vanquished Creatures (others)
  A deep troll shaman (Depths:1)
  A glowing orange brain (Depths:1)
  A wizard (Depths:1)
  An ugly thing (Depths:1)
  A salamander (Snake:3)
  A water elemental (Shoals:1)
  A human (Shoals:2)
  An orc wizard (D:4)
  An orc (Orc:1)
  30 fulminant prisms
  26 fungi
  82 plants
  8 tentacles (Shoals:2)
  28 withered plants (Lair:6)
183 creatures vanquished.

Grand Total: 1226 creatures vanquished

Notes
Turn   | Place    | Note
-------+----------+-------------------------------------------
     0 | D:1      | Klosterheim the Draconian Conjurer began the quest for the
                  | Orb.
     0 | D:1      | Reached XP level 1. HP: 14/14 MP: 3/3
   239 | D:1      | Reached XP level 2. HP: 5/22 MP: 1/5
   819 | D:1      | Reached skill level 1 in Fighting
  1134 | D:1      | Learned a level 2 spell: Searing Ray
  1144 | D:1      | Found Tunismil's Assorted Antiques.
  1155 | D:1      | Reached XP level 3. HP: 26/28 MP: 1/6
  1313 | D:1      | Bought a scroll labelled MIAMAU OLICIG for 22 gold pieces
  1441 | D:1      | Found a faded altar of an unknown god.
  1636 | D:2      | Reached skill level 3 in Spellcasting
  1636 | D:2      | Reached XP level 4. HP: 17/35 MP: 0/8
  1834 | D:2      | Found Faurieb's Distillery.
  1881 | D:2      | Reached skill level 5 in Conjurations
  3163 | D:3      | Found Jajun's Antique Armour Emporium.
  3534 | D:4      | Reached XP level 5. HP: 40/40 MP: 4/9
  4127 | D:4      | Reached XP level 6. HP: 47/47 MP: 7/10
  4422 | D:5      | Entered Level 5 of the Dungeon
  4490 | D:5      | Noticed a two-headed ogre
  5444 | D:5      | Your scales start taking on a rich purple colour.
  5444 | D:5      | Reached XP level 7. HP: 35/52 MP: 2/12
  5550 | D:4      | Learned a level 4 spell: Fulminant Prism
  5889 | D:5      | Reached skill level 4 in Spellcasting
  5889 | D:5      | Reached skill level 1 in Hexes
  6135 | D:5      | Learned a level 3 spell: Stone Arrow
  6315 | D:5      | Killed a two-headed ogre
  6316 | D:5      | Reached skill level 5 in Spellcasting
  6316 | D:5      | Reached XP level 8. HP: 45/61 MP: 1/15
  7023 | D:5      | Noticed a troll
  7029 | D:5      | Killed a troll
  7030 | D:5      | Reached skill level 5 in Hexes
  7268 | D:5      | Reached skill level 5 in Earth Magic
  7393 | D:5      | Reached XP level 9. HP: 67/67 MP: 8/16
  7594 | D:5      | Identified the +4 short sword of Eternal War {pain, rPois
                  | rN+}
  7806 | D:6      | Reached skill level 1 in Evocations
  7911 | D:6      | Found a hazy altar of Hepliaklqana.
  7912 | D:6      | Found a shimmering altar of Xom.
  7913 | D:6      | Noticed a spectral ugly thing
  8026 | D:6      | Noticed a two-headed ogre
  8140 | D:6      | Found a runed translucent door.
  8141 | D:6      | Noticed Crazy Yiuf
  8194 | D:6      | Found a basalt altar of Yredelemnul.
  8372 | D:6      | Noticed Blork the orc
  8374 | D:6      | Killed Blork the orc
  8444 | D:6      | Killed a two-headed ogre
  8445 | D:6      | Reached skill level 6 in Spellcasting
  8687 | D:6      | Noticed Sigmund
  8695 | D:6      | Killed Sigmund
  9023 | D:6      | Killed Crazy Yiuf
  9276 | D:7      | Learned a level 3 spell: Dazzling Flash
  9399 | D:7      | Reached XP level 10. HP: 78/78 MP: 11/20
  9552 | D:7      | Reached skill level 7 in Spellcasting
  9552 | D:7      | Reached skill level 5 in Evocations
  9571 | D:7      | Found a staircase to the Ecumenical Temple.
  9594 | Temple   | Entered the Ecumenical Temple
  9624 | Temple   | Became a worshipper of Vehumet
  9806 | D:7      | Found a shimmering blue altar of Sif Muna.
  9931 | D:7      | Noticed Harold
  9938 | D:7      | Killed Harold
 10548 | D:8      | Reached * piety under Vehumet
 10548 | D:8      | Offered knowledge of Freeze by Vehumet.
 10909 | D:8      | Noticed a two-headed ogre
 10922 | D:8      | Killed a two-headed ogre
 10990 | D:8      | Noticed a white ugly thing
 10996 | D:8      | Killed a white ugly thing
 10997 | D:8      | Reached skill level 5 in Fighting
 11298 | D:8      | Reached XP level 11. HP: 59/88 MP: 3/22
 11711 | D:8      | Reached skill level 8 in Spellcasting
 11965 | D:9      | Found a broken altar of Ashenzari.
 11994 | D:9      | Reached ** piety under Vehumet
 12041 | D:9      | Noticed a white ugly thing
 12047 | D:9      | Killed a white ugly thing
 12047 | D:9      | Offered knowledge of Shock by Vehumet.
 12759 | D:9      | Found Hidoarod's Assorted Antiques.
 12888 | D:9      | Noticed a two-headed ogre
 12900 | D:9      | Reached skill level 10 in Conjurations
 12900 | D:9      | Reached skill level 10 in Earth Magic
 12902 | D:9      | Killed a two-headed ogre
 12903 | D:9      | Reached skill level 9 in Spellcasting
 13002 | D:9      | Found a stormy altar of Qazlal.
 13096 | D:9      | Found a snail-covered altar of Cheibriados.
 13709 | D:10     | Entered Level 10 of the Dungeon
 13758 | D:10     | Noticed ThreePoint314's ghost (journeyman HOFi)
 13759 | D:10     | Found a runed translucent door.
 13832 | D:10     | Noticed Joseph
 14438 | D:10     | Found a glowing golden altar of the Shining One.
 14440 | D:10     | Reached skill level 10 in Spellcasting
 14441 | D:10     | Offered knowledge of Scorch by Vehumet.
 14601 | D:10     | Killed Joseph
 14715 | D:10     | Found a shadowy altar of Dithmenos.
 15128 | D:11     | You fall into a shaft and drop 2 floors!
 15280 | D:13     | Noticed an ogre mage
 15282 | D:13     | Noticed a deep elf pyromancer
 15363 | D:13     | Noticed a red ugly thing
 15367 | D:13     | Noticed a purple ugly thing
 15377 | D:13     | Killed a red ugly thing
 15694 | D:13     | Killed a purple ugly thing
 15736 | D:13     | Reached *** piety under Vehumet
 15758 | D:13     | Noticed Urug
 15802 | D:11     | Found a staircase to the Orcish Mines.
 16048 | D:11     | Offered knowledge of Mephitic Cloud by Vehumet.
 16222 | D:11     | Reached skill level 5 in Stealth
 16222 | D:11     | Reached XP level 12. HP: 96/96 MP: 21/26
 16239 | D:11     | Reached **** piety under Vehumet
 16627 | D:11     | Found a staircase to the Lair.
 16735 | D:11     | Offered knowledge of Airstrike by Vehumet.
 17172 | Lair:1   | Entered Level 1 of the Lair of Beasts
 17679 | Lair:1   | Reached skill level 11 in Spellcasting
 18088 | Lair:2   | Noticed a four-headed hydra
 18092 | Lair:2   | Killed a four-headed hydra
 18132 | Lair:2   | Found a staircase to the Snake Pit.
 18135 | Lair:2   | Noticed a four-headed hydra
 18139 | Lair:2   | Killed a four-headed hydra
 18156 | Lair:2   | Found a staircase to the Shoals.
 18322 | Lair:2   | Noticed a seven-headed hydra
 18479 | Lair:2   | Killed a seven-headed hydra
 19064 | Lair:2   | Noticed Nologisch's ghost (journeyman TrMo)
 19229 | Lair:2   | Found a runed translucent gate.
 19229 | Lair:2   | Found a runed translucent gate.
 19229 | Lair:2   | Found a runed translucent gate.
 19232 | Lair:2   | You fall into a shaft and drop 2 floors!
 19283 | Lair:4   | Noticed a death yak
 19284 | Lair:4   | Noticed a death yak
 19293 | Lair:4   | Noticed a death yak
 19303 | Lair:4   | Killed a death yak
 19323 | Lair:4   | HP: 3/96 [death yak (10)]
 20237 | Lair:2   | Killed a death yak
 20251 | Lair:2   | Killed a death yak
 20359 | Lair:3   | Reached XP level 13. HP: 103/103 MP: 17/28
 20450 | Lair:3   | Reached skill level 5 in Dodging
 21130 | Lair:3   | Reached ***** piety under Vehumet
 21255 | Lair:3   | Offered knowledge of Iron Shot by Vehumet.
 23593 | Lair:5   | Identified a scroll of acquirement
 23593 | Lair:5   | Acquired Sif Muna's Compendium of Arcane Weapons and Cold
 23603 | Lair:5   | Learned a level 5 spell: Iskenderun's Battlesphere
 23781 | Lair:5   | Learned a level 6 spell: Iron Shot
 23806 | Lair:5   | Found a staircase to the Slime Pits.
 23806 | Lair:5   | Found a viscous altar of Jiyva.
 24357 | Lair:6   | Entered Level 6 of the Lair of Beasts
 24714 | Lair:6   | Noticed a dire elephant
 24981 | Lair:6   | Noticed a dire elephant
 24982 | Lair:6   | Noticed a dire elephant
 25979 | Lair:6   | Found the +8 autumn katana {vorpal, Clar}
 26011 | Lair:6   | Noticed a dire elephant
 26022 | Lair:6   | Killed a dire elephant
 26039 | Lair:6   | Reached skill level 15 in Earth Magic
 26039 | Lair:6   | Reached XP level 14. HP: 115/115 MP: 4/29
 26957 | Lair:6   | Offered knowledge of Olgreb's Toxic Radiance by Vehumet.
 26958 | Lair:6   | Reached skill level 1 in Long Blades
 28307 | Lair:6   | Identified the ring of the Death Scarab {*Slow rC+ Str+2
                  | Dex+6 Stlth+}
 28547 | D:9      | Bought a buckler for 130 gold pieces
 28601 | Orc:1    | Entered Level 1 of the Orcish Mines
 28601 | Orc:1    | Noticed Josephine
 28605 | Orc:1    | Killed Josephine
 28606 | Orc:1    | Reached skill level 1 in Shields
 29229 | Orc:2    | Entered Level 2 of the Orcish Mines
 30362 | Orc:2    | Noticed Snorg
 30370 | Orc:2    | Killed Snorg
 30642 | Orc:2    | Found a staircase to the Elven Halls.
 30701 | Orc:2    | Found Hodiec's Distillery.
 30827 | Orc:2    | Reached skill level 5 in Long Blades
 31317 | Orc:2    | Found Tellypek's General Store.
 31324 | Orc:2    | Found Qibut's Magic Scroll Boutique.
 31326 | Orc:2    | Found Ereun's Weapon Emporium.
 33087 | D:13     | Killed Urug
 33130 | D:13     | Offered knowledge of Fireball by Vehumet.
 33667 | D:14     | Reached XP level 15. HP: 121/121 MP: 19/30
 33676 | D:14     | Learned a level 8 spell: Lehudib's Crystal Spear
 35340 | D:15     | Entered Level 15 of the Dungeon
 35397 | D:15     | Reached skill level 10 in Long Blades
 35684 | D:15     | Found a staircase to the Depths.
 37080 | D:15     | Found Botzaere's Weapon Shop.
 37265 | Depths:1 | Entered Level 1 of the Depths
 37420 | Snake:1  | Entered Level 1 of the Snake Pit
 39346 | Snake:1  | Found a runed translucent gate.
 39346 | Snake:1  | Found a runed translucent gate.
 39449 | Snake:1  | Found a runed translucent gate.
 39449 | Snake:1  | Noticed Lotzicof's ghost (adept TrFi)
 39450 | Snake:1  | Noticed benappo's ghost (journeyman DjCj)
 39450 | Snake:1  | Noticed vurker's ghost (adept TeAE)
 39450 | Snake:1  | Noticed vurker's ghost (adept TeAE)
 39450 | Snake:1  | Noticed Voveif's ghost (adept VSFi)
 39505 | Snake:1  | Found Putochuz's Overcharged Wands.
 40422 | Snake:1  | Upgraded the game from 0.28-a0-973-ga7f8b01127 to
                  | 0.28-a0-983-g1de4e0787c
 40701 | Orc:2    | Bought a scroll of amnesia for 52 gold pieces
 40708 | Orc:2    | Learned a level 5 spell: Summon Mana Viper
 41315 | Snake:2  | Reached skill level 1 in Summonings
 42621 | Snake:3  | Reached XP level 16. HP: 128/128 MP: 9/31
 43259 | Snake:3  | Found Uget's Distillery.
 43262 | Snake:3  | Found Avoffech's Assorted Antiques.
 43262 | Snake:3  | Found Ryuk Onto's General Store.
 43366 | Snake:3  | Found Zoid's Book Shoppe.
 43372 | Snake:3  | Bought a book of Burglary for 168 gold pieces
 43375 | Snake:3  | Learned a level 2 spell: Passwall
 43378 | Snake:3  | Bought a scroll of blinking for 112 gold pieces
 44925 | Snake:4  | Entered Level 4 of the Snake Pit
 45435 | Snake:3  | Upgraded the game from 0.28-a0-983-g1de4e0787c to
                  | 0.28-a0-1447-ga5a8893891
 45928 | Snake:3  | Upgraded the game from 0.28-a0-1447-ga5a8893891 to
                  | 0.28-a0-1565-g95a8017c83
 46760 | Snake:4  | Noticed Louise
 46782 | Snake:4  | Killed Louise
 46783 | Snake:4  | Reached skill level 12 in Spellcasting
 47379 | Snake:4  | Reached skill level 5 in Summonings
 47449 | Snake:4  | Found Jaotzux's Antique Armour Boutique.
 47451 | Snake:4  | Found Sugug's Antique Weapon Shop.
 47453 | Snake:4  | Found Bumuracw's Armour Boutique.
 47469 | Snake:4  | Bought a +2 buckler of fire resistance for 301 gold pieces
 47482 | Snake:4  | Found Ysoptar's Antique Weapon Shop.
 50682 | D:3      | Bought the +2 ratskin cloak {*Rats rPois rN+ Str-1 Int-1
                  | Dex+1} for 889 gold pieces
 50682 | D:3      | Found the +2 ratskin cloak {*Rats rPois rN+ Str-1 Int-1
                  | Dex+1}
 51475 | Snake:4  | Got a serpentine rune of Zot
 51795 | Shoals:1 | Entered Level 1 of the Shoals
 51815 | Shoals:1 | Reached skill level 13 in Spellcasting
 52059 | Shoals:2 | You fall into a shaft and drop 1 floor!
 52079 | Shoals:2 | Found Faump's Antique Weapon Shoppe.
 52689 | Shoals:2 | Found Buratuk's Distillery.
 52830 | Shoals:1 | Offered knowledge of Yara's Violent Unravelling by Vehumet.
 53044 | Shoals:1 | Reached XP level 17. HP: 46/134 MP: 18/34
 53771 | Shoals:1 | Upgraded the game from 0.28-a0-1565-g95a8017c83 to
                  | 0.29-a0-96-g93358da72b
 53803 | Shoals:2 | Found a large runed translucent door.
 53804 | Shoals:2 | Found a large runed translucent door.
 53811 | Shoals:2 | Noticed bmj180's ghost (adept GrEE)
 54096 | Shoals:2 | Found Cyopufa's Assorted Antiques.
 54123 | Shoals:2 | Noticed Kirke
 54130 | Shoals:2 | Killed Kirke
 54131 | Shoals:2 | Reached skill level 14 in Spellcasting
 54131 | Shoals:2 | Noticed a kraken
 54284 | Shoals:2 | Noticed Polyphemus
 54597 | Shoals:2 | Found Pezawof's Assorted Antiques.
 55261 | Shoals:2 | Killed Polyphemus
 56537 | Shoals:3 | Offered knowledge of Lightning Bolt by Vehumet.
 57253 | Shoals:3 | Found Ateis's Antique Weapon Emporium.
 57334 | Shoals:3 | Noticed Ilsuiw
 58059 | Shoals:2 | Killed Ilsuiw
 59028 | Shoals:4 | Entered Level 4 of the Shoals
 59178 | Shoals:4 | Reached skill level 10 in Hexes
 59178 | Shoals:4 | Reached skill level 10 in Evocations
 59336 | Shoals:4 | Found Fyupiy's Weapon Shop.
 61136 | Shoals:4 | Offered knowledge of Spellforged Servitor by Vehumet.
 61148 | Shoals:4 | Learned a level 7 spell: Spellforged Servitor
 62044 | Shoals:4 | Reached XP level 18. HP: 128/145 MP: 5/36
 62238 | Shoals:4 | Got a barnacled rune of Zot
 62451 | D:13     | Reached skill level 15 in Spellcasting
 63168 | D:13     | Found a gate to the Vaults.
 63774 | D:15     | Reached skill level 15 in Conjurations
 65225 | Depths:1 | Found Avvypn's Distillery.
 65453 | Depths:1 | Found a gateway to Hell.
 65492 | Depths:1 | Reached skill level 10 in Summonings
 66024 | Depths:1 | Found a shimmering altar of Xom.
 66522 | Depths:1 | Offered knowledge of Ozocubu's Refrigeration by Vehumet.
 67049 | Depths:1 | Noticed a juggernaut
 67216 | Depths:1 | Reached skill level 16 in Spellcasting
 67257 | Depths:1 | HP: 2/145 [reflected bolt (57)]
 67262 | Depths:1 | Killed from afar by a spriggan air mage

Illustrated notes

Levels and vault maps discovered:
D:1:      dpeg_arrival_prison, layout_basic, serial_shops, nicolae_shop_trees,
          shapermc_ecumenical_altar_mp_vishouse
D:2:      layout_rooms, serial_shops, shop
D:3:      layout_basic, serial_shops, shop
D:4:      layout_basic
D:5:      minmay_opposing_rooms, layout_loops_ring
D:6:      layout_loops_ring, regret_index_temple_of_mockery,
          lemuel_coloured_pillars_altar, uniq_sigmund, uniq_blork_the_orc,
          uniq_crazy_yiuf_cottage
D:7:      layout_loops_ring, mainiacjoe_overflow_alcove_2,
          minmay_temple_entry_tees, uniq_harold
D:8:      lemuel_slime, layout_loops_ring, minmay_manual_monstrance
D:9:      layout_basic, marbit_many_paths, ashenzari_altar_1,
          kennysheep_mini_moat, serial_shops, nicolae_diamond_shop,
          chequers_jeans, skrybe_limestone_x, grunt_ogre_cave
D:10:     layout_small_grid, lemuel_doored_altar,
          nicolae_dithmenos_through_a_glass_darkly,
          hellmonk_ghost_happy_afterlife, water_maze_lemuel, uniq_joseph
D:11:     layout_basic, erik_lair_orcish_takeover, zombieorc2_lemuel
D:12:     layout_basic, nicolae_benzene_ring
D:13:     layout_loops_corners, hangedman_vaults_entry_quadrant_bands,
          minmay_misc_feat_tiny, uniq_urug
D:14:     layout_layer_cave, hangedman_decor_lopped
D:15:     grunt_enter_depths_hoard, layout_basic, serial_shops,
          nicolae_shop_behind_doors
Temple:   dshaligram_water_room_temple
Lair:1:   layout_roguey
Lair:2:   layout_misc_corridors, elwin_shoals_entry_rocks, dummy_snake_entry,
          gammafunk_ghost_split, serial_bayou_shore_a
Lair:3:   layout_gridlike, portal_ice_cave_demonic_guard, grunt_megastairs_4
Lair:4:   layout_cave_pods
Lair:5:   layout_regular_city, slime_altar_1, serial_bayou_pond_b,
          fungi_pond_lemuel
Lair:6:   due_jungle_book, layout_regular_city
Shoals:1: layout_shoals, nicolae_shoals_shepherds
Shoals:2: layout_shoals, ebering_ghost_disaster_area, serial_shops, shop,
          nicolae_shop_stone, nicolae_take_the_stairs, shop, uniq_kirke,
          uniq_polyphemus
Shoals:3: cheibrodos_shoals_satyrical_garden, layout_shoals, serial_shops, shop,
          uniq_ilsuiw
Shoals:4: shoals_end_grunt_ice, layout_shoals, serial_shops,
          nicolae_shop_bloodbath_and_beyond, nicolae_shoals_goliath_grotto
Snake:1:  layout_basic, gammafunk_ghost_cemetery, nicolae_shop_overcharged_wands
Snake:2:  layout_onion, nicolae_snake_biting_tails
Snake:3:  layout_onion_interference, minmay_shoptagon
Snake:4:  minmay_snake_end_coiled, layout_chambers, serial_shops, shop,
          minmay_shop_star, serial_bayou_shore_b, uniq_louise
Orc:1:    layout_caves, uniq_josephine, uniq_fannar
Orc:2:    st_orc_elflike, layout_diamond_mine, uniq_snorg
Depths:1: vault_1, layout_long_grid, minmay_misc_feat_four_crosses,
          hangedman_geh_valley, serial_shops, nicolae_shop_hallway_stairs,
          infiniplex_enter_wizlab_spiral, eino_small_chamber_without_monster,
          xom_confusion_cloud

Skill      XL: |  1  2  3  4  5  6  7  8  9 10 11 12 13 14 15 16 17 18 |
---------------+-------------------------------------------------------+-----
Stealth        | 2 5 |  5.0
Dodging        | 2 3 4 6 8 |  8.0
Fighting       | 1 2 4 5 6 8 9 |  9.0
Spellcasting   | 3 5 6 7 10 11 13 14 16 | 16.0
Conjurations   | 5 6 8 9 10 12 13 14 15 | 15.5
Hexes          | 4 5 9 10 | 10.0
Earth Magic    | 2 5 6 9 10 13 15 | 15.4
Evocations     | 4 5 7 9 10 | 10.0
Long Blades    | 8 13 | 13.0
Shields        | 4 |  4.0
Summonings     | 2 6 7 10 | 10.0

Action                   |  1- 3 |  4- 6 |  7- 9 | 10-12 | 13-15 | 16-18 || total
-------------------------+-------+-------+-------+-------+-------+-------++-------
Melee: Unarmed           |    52 |       |       |       |       |       ||    52
       Tailslap          |     2 |     1 |       |     2 |    37 |    57 ||    99
       Staff             |    17 |    14 |       |       |       |       ||    31
       Dagger            |       |       |       |    37 |    68 |       ||   105
       Katana            |       |       |       |       |   248 |   298 ||   546
 Cast: Magic Dart        |    68 |   100 |    38 |       |       |       ||   206
       Searing Ray       |       |    14 |     8 |     3 |       |       ||    25
       Stone Arrow       |       |       |    83 |   463 |   297 |   118 ||   961
       Fulminant Prism   |       |       |       |    12 |     9 |    10 ||    31
       Dazzling Flash    |       |       |       |     1 |       |     2 ||     3
       Iron Shot         |       |       |       |       |   322 |   651 ||   973
       Iskenderun's Batt |       |       |       |       |    16 |    15 ||    31
       Summon Mana Viper |       |       |       |       |       |     6 ||     6
       Passwall          |       |       |       |       |       |     4 ||     4
       Spellforged Servi |       |       |       |       |       |     2 ||     2
 Abil: Breathe Dispellin |       |       |       |       |     1 |     3 ||     4
Evoke: Wand              |       |     3 |       |     2 |     1 |       ||     6
       Tin of tremorston |       |       |       |       |     1 |     2 ||     3
  Use: Scroll            |     4 |     7 |     3 |     7 |    16 |    10 ||    47
       Potion            |       |     3 |       |       |     2 |    15 ||    20
 Stab: Sleeping          |       |       |       |       |     4 |       ||     4
       Distracted        |       |       |       |       |     1 |       ||     1
Armor: Skin              |    40 |    19 |     8 |   134 |   286 |   244 ||   731
Dodge: Dodged            |    66 |    28 |    16 |   184 |   342 |   335 ||   971
Block: Buckler           |       |       |       |       |    63 |   212 ||   275

Table legend: (Time is in decaauts)
 A = Elapsed time spent in this place.
 B = Non-inter-level travel time spent in this place.
 C = Inter-level travel time spent in this place.
 D = Time resting spent in this place.
 E = Time spent auto-exploring this place.
 F = Levels seen in this place.
 G = Mean time per level.
                   A        B        C        D        E       F      G
               +--------+--------+--------+--------+--------+-----+--------+
         Total |  67764 |  60160 |   7604 |  29291 |  21507 |  33 | 2053.5 |
       Dungeon |  26731 |  23355 |   3376 |   9516 |  10701 |  15 | 1782.1 |
        Temple |     52 |     52 |      0 |      0 |      0 |   1 |   52.0 |
          Lair |  11844 |  10130 |   1714 |   4550 |   3734 |   6 | 1974.0 |
        Shoals |  10764 |  10027 |    737 |   5997 |   2217 |   4 | 2691.0 |
     Snake Pit |  13270 |  11915 |   1355 |   7126 |   3265 |   4 | 3317.5 |
  Orcish Mines |   2822 |   2419 |    403 |    901 |   1030 |   2 | 1411.0 |
        Depths |   2279 |   2262 |     17 |   1200 |    559 |   1 | 2279.0 |
               +--------+--------+--------+--------+--------+-----+--------+

Top non-repeatable levels by time:
Shoals:2: 4577 daAuts
 Snake:3: 4459 daAuts
 Snake:4: 3557 daAuts
  Lair:6: 3429 daAuts
    D:14: 3397 daAuts
 Snake:1: 3238 daAuts
Shoals:3: 2752 daAuts
   Orc:2: 2548 daAuts
    D:15: 2488 daAuts
     D:5: 2455 daAuts
Depths:1: 2279 daAuts
  Lair:2: 2251 daAuts
Shoals:4: 2085 daAuts
     D:4: 2018 daAuts
 Snake:2: 2015 daAuts
